Workbook

Sheet données cachées
B1: COULEURS DE SUIVI | C1: NATURE | D1: RESPONSABLE
B2: R | C2: AA | D2: MA
B3: O | C3: BB | D3: MB
B4: V | C4: CC | D4: MC
B5: B | C5: DD | D5: MD
D6: ME

Sheet FACT-21
B1: N° FACTURE | C1: DATE F | D1: CLIENT | E1: N° DOSSIER | F1: RESP. | G1: MATIERE | H1: MONTANT HT | I1: FRAIS HT | J1: DEBOURS | K1: MONTANT TTC | L1: ENCAISSEMENTS | M1: SOLDE | N1: RETARD | O1: S
B2: NUMERO | C2: DATE | D2: CLIENT | E2: N° DOSSIER | F2: RESP | G2: MATIERE | H2: MONTANT HT | I2: FRAIS HT | J2: DEBOURS | K2: MONTANT TTC | L2: ENCAISSEMENTS | M2: SOLDE | N2: jours retard | O2: SUIVI
B3: 21001 | C3: =TODAY() -> 44219 | D3: CLIENT A | E3: 8787 | F3: MB | G3: CC | H3: 1000 | I3: 1000 | J3: 600 | K3: =((fact_21[[#This Row],[MONTANT HT]]+fact_21[[#This Row],[FRAIS HT]])*1.2)+fact_21[[#This Row],[DEBOURS]] -> 3000 | L3: {=SUMPRODUCT((fact_21[[#This Row],[NUMERO]]=recettes_21[n° facture])*(recettes_21[montant règlement]))} -> 1500 | M3: =IFERROR(fact_21[[#This Row],[MONTANT TTC]]-fact_21[[#This Row],[ENCAISSEMENTS]],"-") -> 1500 | N3: =IF(fact_21[[#This Row],[SOLDE]]>0,IFERROR(DATEDIF(fact_21[[#This Row],[DATE]]+31,TODAY(),"d"),"-"),"-") -> -
B4: 21002 | C4: =TODAY() -> 44219 | D4: CLIENT B | E4: 8888 | F4: MC | G4: BB | H4: 500 | I4: 100 | J4: 100 | K4: =((fact_21[[#This Row],[MONTANT HT]]+fact_21[[#This Row],[FRAIS HT]])*1.2)+fact_21[[#This Row],[DEBOURS]] -> 820 | L4: {=SUMPRODUCT((fact_21[[#This Row],[NUMERO]]=recettes_21[n° facture])*(recettes_21[montant règlement]))} -> 0 | M4: =IFERROR(fact_21[[#This Row],[MONTANT TTC]]-fact_21[[#This Row],[ENCAISSEMENTS]],"-") -> 820 | N4: =IF(fact_21[[#This Row],[SOLDE]]>0,IFERROR(DATEDIF(fact_21[[#This Row],[DATE]]+31,TODAY(),"d"),"-"),"-") -> -
B5: =SUBTOTAL(103,fact_21[NUMERO]) -> 2 | C5: factures | G5: CA HT : | H5: =SUBTOTAL(109,fact_21[MONTANT HT]) -> 1500
L7: c'est là que je
L8: m'arrache
L9: les cheveux…

Sheet RECETTES
B1: ENCAISSEMENT | F1: RÉFÉRENCES FACTURE
B2: N° FACTURE | C2: DATE | D2: MONTANT | E2: MODE DE REG. | F2: DATE FACT. | G2: CLIENT | H2: MATIÈRE | I2: RESP. | J2: HONOS HT | K2: FRAIS HT | L2: TVA | M2: DÉBOURS | N2: TTC | O2: SOLDE | P2: S
B3: n° facture | C3: date reglement | D3: montant règlement | E3: acomptes | F3: date facture | G3: client | H3: mat. Facture | I3: resp | J3: honos HT | K3: frais HT | L3: TVA | M3: débours | N3: TTC | O3: solde | P3: S
B4: 21001 | C4: =TODAY() -> 44219 | D4: 1000 | E4: CHÈQUE | F4: =IFERROR(VLOOKUP(recettes_21[[#This Row],[n° facture]],#REF!,2,0),IFERROR(VLOOKUP(recettes_21[[#This Row],[n° facture]],'FACT-21'!B:O,2,0),"-")) -> 44219 | G4: =IFERROR(VLOOKUP(recettes_21[[#This Row],[n° facture]],#REF!,3,0),IFERROR(VLOOKUP(recettes_21[[#This Row],[n° facture]],'FACT-21'!B:O,3,0),"-")) -> CLIENT A | H4: =IFERROR(VLOOKUP(recettes_21[[#This Row],[n° facture]],#REF!,6,0),IFERROR(VLOOKUP(recettes_21[[#This Row],[n° facture]],'FACT-21'!B:O,6,0),"-")) -> CC | I4: =IFERROR(VLOOKUP(recettes_21[[#This Row],[n° facture]],#REF!,5,0),IFERROR(VLOOKUP(recettes_21[[#This Row],[n° facture]],'FACT-21'!B:O,5,0),"-")) -> MB | J4: =IFERROR(VLOOKUP(recettes_21[[#This Row],[n° facture]],#REF!,7,0),IFERROR(VLOOKUP(recettes_21[[#This Row],[n° facture]],'FACT-21'!B:O,7,0),"-")) -> 1000 | K4: =IFERROR(VLOOKUP(recettes_21[[#This Row],[n° facture]],#REF!,8,0),IFERROR(VLOOKUP(recettes_21[[#This Row],[n° facture]],'FACT-21'!B:O,8,0),"-")) -> 1000 | L4: =IFERROR((recettes_21[[#This Row],[honos HT]]+recettes_21[[#This Row],[frais HT]])*0.2,"-") -> 400 | M4: =IFERROR(VLOOKUP(recettes_21[[#This Row],[n° facture]],#REF!,9,0),IFERROR(VLOOKUP(recettes_21[[#This Row],[n° facture]],'FACT-21'!B:O,9,0),"-")) -> 600 | N4: =IFERROR(recettes_21[[#This Row],[honos HT]]+recettes_21[[#This Row],[frais HT]]+recettes_21[[#This Row],[TVA]]+recettes_21[[#This Row],[débours]],"-") -> 3000
B5: 21001 | C5: =TODAY() -> 44219 | D5: 500 | E5: VIREMENT | F5: =IFERROR(VLOOKUP(recettes_21[[#This Row],[n° facture]],#REF!,2,0),IFERROR(VLOOKUP(recettes_21[[#This Row],[n° facture]],'FACT-21'!B:O,2,0),"-")) -> 44219 | G5: =IFERROR(VLOOKUP(recettes_21[[#This Row],[n° facture]],#REF!,3,0),IFERROR(VLOOKUP(recettes_21[[#This Row],[n° facture]],'FACT-21'!B:O,3,0),"-")) -> CLIENT A | H5: =IFERROR(VLOOKUP(recettes_21[[#This Row],[n° facture]],#REF!,6,0),IFERROR(VLOOKUP(recettes_21[[#This Row],[n° facture]],'FACT-21'!B:O,6,0),"-")) -> CC | I5: =IFERROR(VLOOKUP(recettes_21[[#This Row],[n° facture]],#REF!,5,0),IFERROR(VLOOKUP(recettes_21[[#This Row],[n° facture]],'FACT-21'!B:O,5,0),"-")) -> MB | J5: =IFERROR(VLOOKUP(recettes_21[[#This Row],[n° facture]],#REF!,7,0),IFERROR(VLOOKUP(recettes_21[[#This Row],[n° facture]],'FACT-21'!B:O,7,0),"-")) -> 1000 | K5: =IFERROR(VLOOKUP(recettes_21[[#This Row],[n° facture]],#REF!,8,0),IFERROR(VLOOKUP(recettes_21[[#This Row],[n° facture]],'FACT-21'!B:O,8,0),"-")) -> 1000 | L5: =IFERROR((recettes_21[[#This Row],[honos HT]]+recettes_21[[#This Row],[frais HT]])*0.2,"-") -> 400 | M5: =IFERROR(VLOOKUP(recettes_21[[#This Row],[n° facture]],#REF!,9,0),IFERROR(VLOOKUP(recettes_21[[#This Row],[n° facture]],'FACT-21'!B:O,9,0),"-")) -> 600 | N5: =IFERROR(recettes_21[[#This Row],[honos HT]]+recettes_21[[#This Row],[frais HT]]+recettes_21[[#This Row],[TVA]]+recettes_21[[#This Row],[débours]],"-") -> 3000
B6: =SUBTOTAL(103,recettes_21[n° facture]) -> 2 | C6: encaissements | D6: =SUBTOTAL(109,recettes_21[montant règlement]) -> 1500
B8: partie à remplir à réception d'un règlement | F8: partie qui se remplit automatiquement depuis le tableau situé sur le feuille FACT-21 (avec RECHERCHEV sur le n° de facture)
